 Dungeon Crawl Stone Soup version 0.31-a0-149-g3fdcc5976a (webtiles) character file.

Game seed: 10621796790925013075

263 xian the Sneak (level 5, -2/37 HPs)
             Began as a Demonspawn Enchanter on June 7, 2023.
             Slain by a gnoll
             ... wielding a +0 flail
             ... led by a gnoll bouda
              (4 damage)
             ... on level 4 of the Dungeon.
             The game lasted 00:08:36 (2944 turns).

xian the Sneak (Demonspawn Enchanter)               Turns: 2944, Time: 00:08:37

Health: -2/37      AC:  7    Str: 10    XL:     5   Next: 97%
Magic:  6/8        EV: 12    Int: 17    God:
Gold:   203        SH:  0    Dex: 13    Spells: 3/8 levels left

rFire   . . .        f - +1 short sword (speed)
rCold   . . .        (no shield)
rNeg    . . .        d - +0 leather armour
rPois   .            (helmet restricted)
rElec   .            (no cloak)
rCorr   .            (no gloves)
SInv    .            i - +0 pair of boots
Will    .....        (no amulet)
Stlth   ++           (no ring)
HPRegen 0.26/turn    (no ring)
MPRegen 0.11/turn

%: no passive effects
@: weakened
A: horns 1, yellow scales 2, ignite blood 1
a: no special abilities


You were on level 4 of the Dungeon.
You visited 1 branch of the dungeon, and saw 5 of its levels.

You collected 203 gold pieces.

Inventory:

Hand Weapons
 a - a +1 dagger
 f - a +1 short sword of speed (weapon)
Missiles
 b - a throwing net
 j - 13 poisoned darts
 l - 46 stones (quivered)
 q - 4 boomerangs
Armour
 d - a +0 leather armour (worn)
 i - a +0 pair of boots (worn)
Scrolls
 e - 5 scrolls of identify {unknown}
 h - a scroll of enchant weapon {unknown}
 m - 2 scrolls of teleportation {unknown}
 n - 2 scrolls of noise {unknown}
 o - 2 scrolls of enchant armour {unknown}
 r - a scroll of torment {unknown}
Potions
 c - 2 potions of invisibility
 g - a potion of magic
 k - a potion of brilliance
 p - a potion of resistance {unknown}


   Skills:
 + Level 1.4 Fighting
 + Level 2.7 Short Blades
 + Level 1.6 Armour
 + Level 2.4 Dodging
 + Level 4.1 Stealth
 + Level 2.2 Spellcasting
 + Level 3.4 Hexes
 + Level 0.1 Ice Magic


You had 3 spell levels left.
You knew the following spells:

 Your Spells              Type           Power      Damage    Failure   Level
a - Ensorcelled Hibernat  Hex/Ice        14%        N/A       19%         2
b - Confusing Touch       Hex            13%        N/A       19%         3

Your spell library contained the following spells:

 Spells                   Type           Power      Damage    Failure   Level
 Tukima's Dance           Hex            13%        N/A       19%         3
 Shock                    Conj/Air       4%         1d3       26%         1
 Sublimation of Blood     Necr           1%         N/A       36%         2
 Dazzling Flash           Conj/Hex       14%        N/A       36%         3
 Swiftness                Air            1%         N/A       58%         3
 Airstrike                Air            0%         2d(1-17)  94%         4
 Petrify                  Tmut/Erth      1%         N/A       94%         4
 Irradiate                Conj/Tmut      0%         3d11      100%        5


Dungeon Overview and Level Annotations

Branches:
Dungeon (5/15)
 Temple: D:4-7

Altars:
Kikubaaqudgha
Qazlal
Sif Muna
Trog
Yredelemnul

Annotations:
D:4 2 transporters, TrollFarmer's ghost, amateur GrEE


Innate Abilities, Weirdness & Mutations

You have a pair of small horns on your head.
You are mostly covered in yellow scales. (AC +3)
Your demonic aura sometimes causes spilled blood to erupt in flames.


Message History

The gnolls pick up the pace!
The gnoll bouda gazes fiercely through you!
You feel your attacks grow feeble. The gnoll closely misses you.
The gnoll attacks as you move away! The gnoll hits you but does no damage.
The gnoll bouda gazes fiercely through you!
You feel as though you will be weak longer.
There is a stone staircase leading down here.
The gnoll closely misses you.
You climb downwards.
There is a stone staircase leading up here.
You hit the gnoll.
The gnoll is lightly wounded.
The gnoll hits you with a +0 flail!
* * * LOW HITPOINT WARNING * * *
You hit the gnoll but do no damage. You headbutt the gnoll.
The gnoll is moderately wounded.
The gnoll closely misses you. The gnoll hits you but does no damage.
You climb upwards.
Level annotation: 2 transporters, TrollFarmer's ghost, amateur GrEE The gnoll hits you with a +0 club.
* * * LOW HITPOINT WARNING * * *
The gnoll hits you but does no damage.
There is a stone staircase leading down here.
You hit the gnoll. Your headbutt misses the gnoll.
The gnoll is moderately wounded.
Casting: Ensorcelled Hibernation (safe; 19% risk of failure)
Confirm with . or Enter, or press ? or * to list all spells.
Aiming: Ensorcelled Hibernation (safe; 19% risk of failure)
Press: ? - help, Shift-Dir - straight line, f - gnoll
Aim: a gnoll, wielding a +0 club (covering ground quickly, chance to affect: 50%)
The gnoll looks drowsy...
The gnoll barely misses you.
The helpless gnoll fails to defend itself.
You puncture the gnoll!
You kill the gnoll!
The gnoll hits you with a +0 flail!
* * * LOW HITPOINT WARNING * * *
The gnoll attacks as you move away! The gnoll hits you with a +0 flail.
You die...

.......#.#...# #.#
.......#.#...# #.#
.........#...# #.#
.#...#.###...######.#
.#...#...#>.........#
.#...###.############
g#...# ...
g#...################
##............g)@g..#
###.###############.#.#
# #.# #.#.# #.# #.#.#
#.# #.#.# #.# #.#.# #.#
#.#.# #.# #.#.# #.#<#


You could see a gnoll bouda and a gnoll (swift).

Vanquished Creatures
  2 scorpions (D:3)
  A sleepcap (D:3)
  2 gnolls (D:4)
  3 adders
  A worm (D:2)
  A dart slug (D:1)
  An orc (D:3)
  6 endoplasms
  5 giant cockroaches
  11 goblins
  7 hobgoblins
  A quokka (D:1)
  3 ball pythons
  5 bats
  4 frilled lizards
  4 kobolds
  7 rats
64 creatures vanquished.

Notes
Turn   | Place    | Note
-------+----------+-------------------------------------------
     0 | D:1      | xian the Demonspawn Enchanter began the quest for the Orb.
     0 | D:1      | Reached XP level 1. HP: 13/13 MP: 3/3
   125 | D:1      | Reached skill level 1 in Short Blades
   172 | D:1      | Gained mutation: You are partially covered in yellow
                  | scales. (AC +2) [demonic ancestry]
   172 | D:1      | Reached XP level 2. HP: 15/19 MP: 5/5
   179 | D:1      | Learned a level 2 spell: Ensorcelled Hibernation
   645 | D:1      | Gained mutation: You are mostly covered in yellow scales.
                  | (AC +3) [demonic ancestry]
   645 | D:1      | Reached XP level 3. HP: 22/24 MP: 6/6
  1170 | D:2      | Reached skill level 3 in Stealth
  1388 | D:2      | Found a faded altar of an unknown god.
  1637 | D:3      | Found a shimmering blue altar of Sif Muna.
  1726 | D:3      | Gained mutation: You have a pair of small horns on your
                  | head. [demonic ancestry]
  1726 | D:3      | Reached XP level 4. HP: 28/31 MP: 7/7
  2000 | D:3      | Noticed a scorpion
  2005 | D:3      | Learned a level 3 spell: Confusing Touch
  2027 | D:3      | HP: 1/31 [poisoned by a scorpion]
  2032 | D:3      | Killed a scorpion
  2033 | D:3      | Reached skill level 1 in Fighting
  2033 | D:3      | Reached skill level 1 in Armour
  2033 | D:3      | Gained mutation: Your demonic aura sometimes causes spilled
                  | blood to erupt in flames. [demonic ancestry]
  2033 | D:3      | Reached XP level 5. HP: 26/37 MP: 8/8
  2345 | D:3      | Found a basalt altar of Yredelemnul.
  2345 | D:3      | Found a bloodstained altar of Trog.
  2352 | D:3      | Found a stormy altar of Qazlal.
  2354 | D:3      | Found an ancient bone altar of Kikubaaqudgha.
  2377 | D:3      | Reached skill level 4 in Stealth
  2472 | D:4      | Found a transporter.
  2691 | D:4      | Noticed TrollFarmer's ghost (amateur GrEE)
  2862 | D:4      | Found a transporter.
  2936 | D:5      | Entered Level 5 of the Dungeon
  2944 | D:4      | Slain by a gnoll

Illustrated notes

Levels and vault maps discovered:
D:1:      ncdulo_halloftheorcs, layout_rooms
D:2:      layout_basic, chequers_ecumenical_altar_simple,
          kennysheep_generic_room_14
D:3:      layout_rooms, chequers_temple_overflow_minitemple,
          lemuel_blue_sif_altar
D:4:      layout_basic, gammafunk_ghost_stat_death
D:5:      layout_loops_corners, grunt_temple_overflow_order_and_chaos_1,
          kennysheep_opposing_triangles

Skill      XL: |  1  2  3  4  5 |
---------------+----------------+-----
Short Blades   | 1 2 |  2.7
Dodging        | 2 |  2.4
Stealth        | 3 4 |  4.1
Fighting       | 1 |  1.4
Armour         | 1 |  1.6
Spellcasting   | |  2.2
Hexes          | |  3.4
Ice Magic      | |  0.1

Action                     |  1- 3 |  4- 6 || total
---------------------------+-------+-------++-------
  Melee: Dagger            |    26 |       ||    26
         Short sword       |   148 |    92 ||   240
         Headbutt          |       |    23 ||    23
         Punch             |       |     2 ||     2
   Cast: Ensorcelled Hiber |       |     4 ||     4
         Confusing Touch   |       |     1 ||     1
    Use: Potion            |       |     4 ||     4
   Stab: Sleeping          |     8 |     6 ||    14
         Confused          |       |     1 ||     1
 Armour: Leather armour    |    39 |    22 ||    61
  Dodge: Dodged            |    67 |    52 ||   119

Table legend: (Time is in decaauts)
 A = Elapsed time spent in this place.
 B = Non-inter-level travel time spent in this place.
 C = Inter-level travel time spent in this place.
 D = Time resting spent in this place.
 E = Time spent auto-exploring this place.
 F = Levels seen in this place.
 G = Mean time per level.
                   A        B        C        D        E       F      G
               +--------+--------+--------+--------+--------+-----+--------+
         Total |   2829 |   2714 |    115 |      0 |   1542 |   5 |  565.8 |
       Dungeon |   2829 |   2714 |    115 |      0 |   1542 |   5 |  565.8 |
               +--------+--------+--------+--------+--------+-----+--------+

Top non-repeatable levels by time:
     D:2: 812 daAuts
     D:3: 756 daAuts
     D:1: 742 daAuts
     D:4: 514 daAuts
     D:5: 2 daAuts
